 Dungeon Crawl Stone Soup version 0.31-a0-496-g6f97920a28 (webtiles) character file.

Game seed: 17088002534519195359

84 bmack86 the Chopper (level 4, -2/39 HPs)
             Began as a Minotaur Fighter on Aug 9, 2023.
             Slain by a gnoll
             ... wielding a +0 spear
              (5 damage)
             ... on level 3 of the Dungeon.
             The game lasted 00:04:02 (1620 turns).

bmack86 the Chopper (Minotaur Fighter)              Turns: 1620, Time: 00:04:03

Health: -2/39      AC:  8    Str: 23    XL:     4   Next: 23%
Magic:  3/3        EV:  9    Int:  5    God:
Gold:   132        SH:  4    Dex:  9    Spells: 3/3 levels left

rFire   . . .        a - +0 war axe
rCold   . . .        c - +0 buckler
rNeg    . . .        b - +0 scale mail
rPois   .            (helmet restricted)
rElec   .            (no cloak)
rCorr   .            (no gloves)
SInv    .            e - +0 pair of boots
Will    .....        (no amulet) Stlth
                     (no ring)
HPRegen 0.26/turn    (no ring)
MPRegen 0.08/turn

%: no passive effects
@: no status effects
A: horns 2, retaliatory headbutt
a: no special abilities


You were on level 3 of the Dungeon.
You visited 1 branch of the dungeon, and saw 3 of its levels.

You collected 132 gold pieces.

Inventory:

Hand Weapons
 a - a +0 war axe (weapon)
 n - the +7 whip of Traps {heavy, Str+2}
   (You found it on level 2 of the Dungeon)

   Str:       It affects your strength (+2).
Missiles
 g - 2 boomerangs (quivered)
Armour
 b - a +0 scale mail (worn)
 c - a +0 buckler (worn)
 e - a +0 pair of boots (worn)
Scrolls
 f - 2 scrolls of enchant armour {unknown}
 j - a scroll of torment {unknown}
 l - a scroll of amnesia {unknown}
 m - a scroll of blinking {unknown}
 o - a scroll of identify {unknown}
 p - a scroll of revelation {unknown}
 q - a scroll of fog {unknown}
Potions
 d - 2 potions of might
 h - a potion of attraction {unknown}
 i - a potion of heal wounds {unknown}
 k - 3 potions of haste {unknown}
 r - a potion of curing {unknown}
 s - a potion of magic {unknown}


   Skills:
 - Level 3.6 Fighting
 + Level 5.5 Axes
 - Level 3.6 Armour
 - Level 3.6 Shields


You had 3 spell levels left.
You didn't know any spells.
Your spell library contained the following spells:

 Spells                   Type           Power      Damage    Failure   Level
 Apportation              Tloc           0%         N/A       85%         1
 Magic Dart               Conj           0%         1d3       85%         1
 Necrotise                Necr           0%         1d4       85%         1
 Summon Small Mammal      Summ           0%         N/A       85%         1
 Searing Ray              Conj           0%         2d4       94%         2
 Fulminant Prism          Conj/Hex       0%         3d5       100%        4


Dungeon Overview and Level Annotations

Branches:
Dungeon (3/15)

Altars:
Makhleb
Zin

Shops:
D:2 [


Innate Abilities, Weirdness & Mutations

You have a pair of horns on your head.
You reflexively headbutt those who attack you in melee.


Message History

You completely miss the rat. Your headbutt misses the rat.
The rat barely misses you. You furiously retaliate!
You headbutt the rat.
You kill the rat!
A kobold comes into view. It is wielding a +0 dagger.
The kobold shouts!
You see here a rat corpse.
The kobold hits you but does no damage.
You completely miss the kobold. Your headbutt misses the kobold.
The kobold hits you but does no damage. x2
You slash the kobold!
You kill the kobold!
You see here a +0 dagger.
f - 2 scrolls labelled DUEVANERHE (gained 1)
You now have 132 gold pieces (gained 5).
A gnoll comes into view. It is wielding a +0 spear.
The gnoll shouts!
You hear a shout! x2
A gnoll comes into view. It is wielding a +0 spear.
The gnoll moves out of view.
You hear a shout!
The gnoll hits you with a +0 spear.
The gnoll hits you from afar with a +0 spear.
A gnoll comes into view. It is wielding a +3 flail.
The gnoll closely misses you. The gnoll hits you with a +0 spear.
A gnoll comes into view. It is wielding a +0 spear.
The gnoll shouts!
The gnoll hits you with a +0 spear.
The gnoll hits you from afar with a +0 spear.
The gnoll hits you with a +0 spear. The gnoll hits you but does no damage.
You hit the gnoll but do no damage. You hit the gnoll. x2
The gnoll hits you but does no damage. x2; The gnoll barely misses you.
The gnoll hits you with a +3 flail.
Unknown command.
You hit the gnoll. Your headbutt misses the gnoll.
The gnoll is lightly wounded.
You hit the gnoll. x2; The gnoll hits you but does no damage.
The gnoll barely misses you. You furiously retaliate!
You headbutt the gnoll. The gnoll hits you with a +3 flail!
* * * LOW HITPOINT WARNING * * *
The gnoll hits you from afar with a +0 spear.
You die...

..# .#
..##.##
...... #....
#... #..
#g##+###
#gg....#
#@g#.#.#
#..#.#.#
#.#..#.#.#
#.#..#.#.####
######
#.#..#......#
#.....
#.#..#......#
#.####
#.#..#......#
#.# #
#.#..#......#
#.# #
#.#..#......#
#.# #


You could see 4 gnolls.

Vanquished Creatures
  3 adders (D:2)
  2 worms (D:2)
  2 bats (D:2)
  2 endoplasms (D:2)
  A giant cockroach (D:2)
  3 goblins
  4 hobgoblins
  6 jackals
  9 kobolds
  4 quokkas
  6 ball pythons
  A frilled lizard (D:1)
  5 rats
  A spectral kobold (D:2)
49 creatures vanquished.

Vanquished Creatures (others)
  A butterfly (D:3)
1 creature vanquished.

Grand Total: 50 creatures vanquished

Notes
Turn   | Place    | Note
-------+----------+-------------------------------------------
     0 | D:1      | bmack86 the Minotaur Fighter began the quest for the Orb.
     0 | D:1      | Reached XP level 1. HP: 19/19 MP: 0/0
   150 | D:1      | Reached skill level 3 in Axes
   220 | D:1      | Reached XP level 2. HP: 24/26 MP: 1/1
   490 | D:1      | Reached skill level 4 in Axes
   708 | D:2      | Reached XP level 3. HP: 30/31 MP: 2/2
   791 | D:2      | Found Ajoe's Armour Boutique.
   863 | D:2      | Found a glowing silver altar of Zin.
   893 | D:2      | Identified the +7 whip of Traps {heavy, Str+2}
   963 | D:2      | Reached skill level 5 in Axes
  1056 | D:2      | Found a faded altar of an unknown god.
  1142 | D:2      | Reached XP level 4. HP: 38/39 MP: 3/3
  1500 | D:3      | Found a burning altar of Makhleb.
  1500 | D:3      | Noticed a balrug
  1620 | D:3      | Slain by a gnoll

Illustrated notes

Levels and vault maps discovered:
D:1:      dpeg_arrival_connections, layout_loops_ring, hangedman_feature_mirror,
          nicolae_concentric_dashed_squares_mild
D:2:      layout_basic, dreamdust_ecumenical_altar_drowned_temple, basic_altar,
          serial_shops, nicolae_shop_peninsula, hex_intersection, minmay_unequal
D:3:      layout_basic, makhleb_altar_promises_db,
          nicolae_elyvilon_peaceful_grove

Skill      XL: |  1  2  3 |
---------------+----------+-----
Axes           | 3 4 5 |  5.5
Fighting       | |  3.6
Armour         | |  3.6
Shields        | |  3.6

Action                     |  1- 3 |  4- 6 || total
---------------------------+-------+-------++-------
  Melee: War axe           |    70 |    17 ||    87
         Headbutt          |     8 |     5 ||    13
         Whip              |    13 |       ||    13
 Armour: Scale mail        |    58 |    15 ||    73
  Dodge: Dodged            |    64 |     5 ||    69
  Block: Buckler           |    21 |     3 ||    24

Table legend: (Time is in decaauts)
 A = Elapsed time spent in this place.
 B = Non-inter-level travel time spent in this place.
 C = Inter-level travel time spent in this place.
 D = Time resting spent in this place.
 E = Time spent auto-exploring this place.
 F = Levels seen in this place.
 G = Mean time per level.
                   A        B        C        D        E       F      G
               +--------+--------+--------+--------+--------+-----+--------+
         Total |   1656 |   1638 |     18 |      0 |   1137 |   3 |  552.0 |
       Dungeon |   1656 |   1638 |     18 |      0 |   1137 |   3 |  552.0 |
               +--------+--------+--------+--------+--------+-----+--------+

Top non-repeatable levels by time:
     D:2: 808 daAuts
     D:1: 707 daAuts
     D:3: 141 daAuts
